 Dungeon Sprint DCSS version 0.22.1-1-ga44c0e56f4 (webtiles) character file.

4432 MuseOD the Unseen (level 10, -7/57 HPs)
             Began as a Spriggan Enchanter on Sept 26, 2018.
             Was the Champion of Dithmenos.
             Killed from afar by a deep elf knight (33 damage)
             ... with a stone arrow
             ... in the Dungeon (Sprint III: "The Ten Rune Challenge").
             The game lasted 00:05:05 (1449 turns).

MuseOD the Unseen (Spriggan Enchanter)              Turns: 1449, Time: 00:05:05

Health: -7/57      AC:  2    Str:  4    XL:     10   Next: 14%
Magic:  2/27       EV: 18    Int: 20    God:    Dithmenos [******]
Gold:   1233       SH:  0    Dex: 17    Spells: 18/33 levels left

rFire    . . .     SeeInvis +   a - +1 dagger
rCold    . . .     Gourm    .   (shield restricted)
rNeg     . . .     Faith    .   b - +0 robe
rPois    .         Spirit   .   (helmet restricted)
rElec    .         Reflect  .   (no cloak)
rCorr    .         Harm     .   (gloves unavailable)
MR       +....     NoTele   +   (boots unavailable)
Stlth    ++++++++++             (no amulet)
HPRegen  0.19/turn              (no ring)
MPRegen  0.20/turn              (no ring)

@: wreathed by umbra, very quick
A: very small, unfitting armour, see invisible, herbivore, speed 3, slow
metabolism 2
a: Shadow Step, Shadow Form, Renounce Religion


You were in the Dungeon.
You worshipped Dithmenos.
Dithmenos was exalted by your worship.
You were not hungry.

You visited 1 branch You collected 1233 gold pieces.

Inventory:

Hand Weapons
 a - a +1 dagger (weapon)
Armour
 b - a +0 robe (worn)
Scrolls
 c - a scroll of magic mapping {unknown}
 j - a scroll of blinking
 k - a scroll of immolation {unknown}
 l - 2 scrolls of identify
 m - 3 scrolls of remove curse
 n - a scroll of holy word {unknown}
 o - a scroll of random uselessness {unknown}
Potions
 e - a potion of curing
 f - a potion of heal wounds
 g - 2 potions of haste
 h - 2 potions of magic
 i - 2 potions of berserk rage
 p - a potion of lignification {unknown}
 q - 4 potions of mutation
 r - a potion of cancellation {unknown}
Comestibles
 d - 4 rations


   Skills:
 + Level 8.9 Fighting
 - Level 11.8 Short Blades
 - Level 3.0 Dodging
 + Level 15.7 Stealth
 + Level 12.2 Spellcasting
 * Level 7.5 Conjurations
 + Level 9.2 Hexes


You had 18 spell levels left.
You knew the following spells:

 Your Spells              Type           Power        Failure   Level  Hunger
a - Corona                Hex            #####..      1%          1    None
b - Ensorcelled Hibernat  Hex/Ice        ####..       1%          2    None
c - Confuse               Hex            #####...     1%          3    None
d - Dazzling Spray        Conj/Hex       #####.       1%          3    None
e - Tukima's Dance        Hex            #####...     1%          3    None
f - Mephitic Cloud        Conj/Pois/Air  ###.....     6%          3    None

Your spell library contained the following spells:

 Spells                   Type           Power        Failure   Level  Hunger
 Confusing Touch          Hex            #####.       1%          1    None
 Magic Dart               Conj           ####         1%          1    None
 Slow                     Hex            #####...     1%          2    None
 Conjure Flame            Conj/Fire      ####....     3%          3    None
 Blink                    Tloc           N/A          9%          2    None
 Call Imp                 Summ           ##......     9%          2    None
 Gell's Gravitas          Tloc           ##........   17%         3    None
 Metabolic Englaciation   Hex/Ice        ####......   24%         5    ####...
 Yara's Violent Unravell  Hex/Tmut       ####......   24%         5    ####...
 Petrify                  Tmut/Erth      ##......     50%         4    #......


Dungeon Overview and Level Annotations

Branches:
Dungeon (1/1)

Altars:
Dithmenos
Elyvilon
Kikubaaqudgha
Okawaru
Ru
Sif Muna
Trog
Uskayaw
Vehumet
Wu Jian
Yredelemnul
Zin
The Shining One
Beogh

Shops:
D *


Innate Abilities, Weirdness & Mutations

You are very small and have problems with some larger weapons.
You are too small for most types of armour.
You have supernaturally acute eyesight. (SInv)
You are a herbivore.
You cover ground extremely quickly.
You need to consume almost no food.


Message History

Confirm with . or Enter, or press ? or * to list all spells.
Aiming: Confuse (safe; 1% risk of failure)
Press: ? - help, Shift-Dir - straight line, f/p - deep elf knight
Aim: a deep elf knight, wielding a short sword (fast, umbra, chance to defeat The deep elf knight resists with almost no effort.
The deep elf knight misses you.
There is an open door, spattered with blood here.
Things that are here:
a club; a ring mail; 1523 gold pieces
Casting: Confuse (safe; 1% risk of failure)
Confirm with . or Enter, or press ? or * to list all spells.
Aiming: Confuse (safe; 1% risk of failure)
Press: ? - help, Shift-Dir - straight line, f/p - deep elf knight
Aim: a deep elf knight, wielding a short sword (fast, umbra, chance to defeat The deep elf knight resists with almost no effort.
The deep elf knight hits you with a short sword.
The deep elf knight points at you and mumbles some strange words.
The stone arrow hits you!
Ouch! That really hurt!
You die...

▓▓▓ ▓▓▓ ▓▓▓▓ ..####
##.############ ####.##
.....#####..#___#___#__####.#∩.#.
......#..#..#)..#__)#._#.........
.##..)#..#..###'#'###'##...e...r#
.###..##'#..#...@......#........#
#.##..###...'.⌠....e...#§§#....##
.##..####...#...######)#§#.#####
.##..###....#.⌠.# #...#§########
##...##.....#...# #...#§§§§#.#.#
#....#......#'### #..)##§#)§#.##
#..##.#.....#.))# #.).'##§#.#.##
#.. ####....#___# +..[#)))#..#..
▓▓▓ ▓▓▓▓▓▓▓▓▓▓ ▓▓▓▓▓▓▓▓▓▓▓▓▓▓


You could see a deep elf knight.

Vanquished Creatures
  Erolcha (D)
  An orc knight (D)
  3 deep elf magi (D)
  A shadow (D)
  2 redbacks (D)
  3 orc warriors (D)
  A necrophage (D)
  5 two-headed ogres (D)
  A water elemental (D)
  A scorpion (D)
  A jelly (D)
  A wizard (D)
  2 orc priests (D)
  Jessica (D)
  A necromancer (D)
  3 humans (D)
  A kobold demonologist (D)
  An ooze (D)
  11 orcs (D)
  2 rats (D)
43 creatures vanquished.

Vanquished Creatures (others)
  2 draconian scorchers (D)
  A fire dragon (D)
  6 hellions (D)
  2 yaktaurs (D)
11 creatures vanquished.

Grand Total: 54 creatures vanquished

Notes
Turn   | Place    | Note
-------+----------+-------------------------------------------
     0 | D        | MuseOD the Spriggan Enchanter began the quest for the Orb.
     0 | D        | Reached XP level 1. HP: 9/9 MP: 5/5
    25 | D        | Reached skill level 1 in Fighting
    25 | D        | Reached skill level 5 in Stealth
    67 | D        | Killed a hellion
   127 | D        | Killed a hellion
   128 | D        | Killed a hellion
   129 | D        | Killed a hellion
   153 | D        | Killed a white draconian scorcher
   164 | D        | Killed a white draconian scorcher
   166 | D        | Killed a hellion
   205 | D        | Killed a hellion
   255 | D        | Killed a yaktaur
   268 | D        | Noticed Jessica
   272 | D        | Killed Jessica
   272 | D        | Reached skill level 6 in Stealth
   272 | D        | Reached XP level 2. HP: 15/15 MP: 5/7
   272 | D        | Reached XP level 3. HP: 18/18 MP: 6/9
   282 | D        | Learned a level 2 spell: Ensorcelled Hibernation
   286 | D        | Learned a level 3 spell: Confuse
   349 | D        | Noticed a scorpion
   352 | D        | Killed a scorpion
   352 | D        | Reached skill level 5 in Short Blades
   352 | D        | Reached skill level 7 in Stealth
   352 | D        | Reached XP level 4. HP: 23/23 MP: 9/11
   366 | D        | Reached skill level 5 in Spellcasting
   410 | D        | Noticed a water elemental
   413 | D        | Killed a water elemental
   413 | D        | Reached skill level 8 in Stealth
   413 | D        | Reached XP level 5. HP: 29/29 MP: 14/14
   425 | D        | Learned a level 3 spell: Dazzling Spray
   425 | D        | Found a basalt altar of Yredelemnul.
   425 | D        | Found a shadowy altar of Dithmenos.
   425 | D        | Found a sacrificial altar of Ru.
   425 | D        | Noticed a necrophage
   427 | D        | Reached skill level 9 in Stealth
   428 | D        | Killed a necrophage
   428 | D        | Reached XP level 6. HP: 34/34 MP: 14/16
   432 | D        | Became a worshipper of Dithmenos the Shadowed
   441 | D        | Killed a yaktaur
   448 | D        | Found a glowing silver altar of Zin.
   448 | D        | Found a glowing golden altar of the Shining One.
   448 | D        | Found a white marble altar of Elyvilon.
   448 | D        | Noticed a deep elf mage
   451 | D        | Killed a deep elf mage
   451 | D        | Reached skill level 5 in Fighting
   451 | D        | Reached skill level 10 in Short Blades
   451 | D        | Reached skill level 11 in Stealth
   451 | D        | Reached XP level 7. HP: 39/39 MP: 17/20
   455 | D        | Found a hide-covered altar of Uskayaw.
   455 | D        | Found a roughly hewn altar of Beogh.
   455 | D        | Found an iron altar of Okawaru.
   455 | D        | Found a bloodstained altar of Trog.
   455 | D        | Found an ornate altar of the Wu Jian Council.
   455 | D        | Noticed a human
   456 | D        | Noticed a human
   462 | D        | Killed a human
   462 | D        | Reached skill level 12 in Stealth
   720 | D        | Killed a human
   720 | D        | Reached * piety under Dithmenos
   736 | D        | Found a radiant altar of Vehumet.
   736 | D        | Found a deep blue altar of Sif Muna.
   736 | D        | Found an ancient bone altar of Kikubaaqudgha.
   788 | D        | Learned a level 3 spell: Tukima's Dance
   792 | D        | Learned a level 3 spell: Mephitic Cloud
   802 | D        | Noticed a shadow
   804 | D        | Killed a shadow
   804 | D        | Reached ** piety under Dithmenos
   804 | D        | Reached skill level 1 in Conjurations
   804 | D        | Reached XP level 8. HP: 45/45 MP: 22/22
   837 | D        | Reached skill level 13 in Stealth
   837 | D        | Reached skill level 10 in Spellcasting
   852 | D        | Reached skill level 5 in Hexes
   897 | D        | Killed a fire dragon
   959 | D        | Noticed a two-headed ogre
   962 | D        | Killed a two-headed ogre
   962 | D        | Reached *** piety under Dithmenos
  1002 | D        | Noticed a two-headed ogre
  1002 | D        | Noticed Erolcha
  1004 | D        | Killed a two-headed ogre
  1005 | D        | Killed Erolcha
  1005 | D        | Reached skill level 14 in Stealth
  1005 | D        | Reached skill level 5 in Conjurations
  1005 | D        | Reached XP level 9. HP: 51/51 MP: 23/25
  1030 | D        | Reached **** piety under Dithmenos
  1055 | D        | Found Macs's Assorted Antiques.
  1057 | D        | Noticed an orc knight
  1131 | D        | Reached ***** piety under Dithmenos
  1253 | D        | Killed an orc knight
  1253 | D        | Reached skill level 15 in Stealth
  1369 | D        | Noticed a deep elf mage
  1369 | D        | Noticed a deep elf mage
  1369 | D        | Noticed a deep elf mage
  1369 | D        | Noticed a deep elf knight
  1369 | D        | Noticed a deep elf mage
  1377 | D        | Noticed a demonic crawler
  1377 | D        | Noticed a demonic crawler
  1411 | D        | Killed a deep elf mage
  1411 | D        | Reached XP level 10. HP: 57/57 MP: 18/27
  1418 | D        | Killed a deep elf mage
  1418 | D        | Reached ****** piety under Dithmenos
  1449 | D        | Killed from afar by a deep elf knight

Skill      XL: |  1  2  3  4  5  6  7  8  9 10 |
---------------+-------------------------------+-----
Fighting       | 2 3 4 5 6 8 |  8.9
Short Blades   | 4 5 7 8 10 11 | 11.8
Stealth        | 6 7 8 9 11 12 14 15 | 15.7
Spellcasting   | 3 4 5 6 8 9 11 12 | 12.2
Conjurations   | 1 5 7 |  7.5
Hexes          | 4 7 8 9 |  9.2
Dodging        | |  3.0

Action                   |  1- 3 |  4- 6 |  7- 9 | 10-12 || total
-------------------------+-------+-------+-------+-------++-------
Melee: Dagger            |    21 |    12 |    70 |     1 ||   104
 Cast: Confuse           |       |     1 |     9 |     4 ||    14
       Ensorcelled Hiber |       |       |    32 |     5 ||    37
       Dazzling Spray    |       |       |     2 |       ||     2
       Mephitic Cloud    |       |       |     1 |       ||     1
Invok: Shadow Step       |       |       |     1 |       ||     1
 Stab: Sleeping          |     2 |     4 |    20 |     1 ||    27
       Confused          |       |     2 |     5 |       ||     7
       Invisible         |       |       |     1 |       ||     1
Armor: Robe              |     2 |       |       |       ||     2
Dodge: Dodged            |    11 |       |    19 |     4 ||    34
